 Dungeon Crawl Stone Soup version 0.29-a0-757-g358383bc75 (webtiles) character file.

Game seed: 16702538327737010285

1885 elite277 the Purveyor of Pain (level 9, -1/64 (67) HPs)
             Began as a Human Necromancer on June 30, 2022.
             Was an Initiate of Kikubaaqudgha.
             Slain by a wight
             ... wielding a +5 falchion
              (16 damage)
             ... on level 7 of the Dungeon.
             The game lasted 00:39:19 (7531 turns).

elite277 the Purveyor of Pain (Human Necromancer)   Turns: 7531, Time: 00:39:19

HP:   -1/64 (67)    AC:  5    Str:  9    XL:     9   Next: 36%
MP:   10/17         EV: 13    Int: 20    God:    Kikubaaqudgha [......]
Gold: 90            SH:  0    Dex: 13    Spells: 3/21 levels left

rFire   . . .      SeeInvis .   p - +2 dagger (freeze)
rCold   . . .      Faith    .   o - orb {light}
rNeg    . . .      Spirit   .   a - +0 robe
rPois   .          Reflect  .   n - +0 helmet
rElec   .          Harm     .   (no cloak)
rCorr   .          Rampage  .   (no gloves)
Will    .....                   g - +1 pair of boots
Stlth   +.........              (no amulet)
HPRegen 0.20/turn               j - ring of flight
MPRegen 0.15/turn               (no ring)

@: flying, very slightly contaminated, glowing, lightly drained
A: low MP 1, robust 1, MP-powered wands
a: Renounce Religion


You were on level 7 of the Dungeon.
You worshipped Kikubaaqudgha.
Kikubaaqudgha was noncommittal.
You visited 2 branches of the dungeon, and saw 8 of its levels.

You collected 340 gold pieces.
You spent 250 gold pieces at shops.

Inventory:

Hand Weapons
 f - a +0 short sword
 p - a +2 dagger of freezing (weapon)
 y - a +0 dagger of venom
Missiles
 r - 8 javelins
 z - 5 poisoned darts
Armour
 a - a +0 robe (worn)
 g - a +1 pair of boots (worn)
 h - the +1 robe of Levity {rF+++ Int-3 Dex-5 SInv}
   (You bought it in a shop on level 5 of the Dungeon)

   Int:       It affects your intelligence (-3).
   Dex:       It affects your dexterity (-5).
   rF:        It renders you almost immune to fire.
   SInv:      It lets you see invisible.
 n - a +0 helmet (worn)
 o - an orb of light (worn)
 C - an orb of guile
Magical Staves
 B - a staff of poison
Jewellery
 j - a ring of flight (left hand)
Wands
 i - a wand of mindburst (7)
Scrolls
 d - 2 scrolls of enchant armour
 q - a scroll of poison
 w - 2 scrolls of identify
 x - 2 scrolls of magic mapping
 A - a scroll of teleportation {unknown}
 D - a scroll of amnesia {unknown}
Potions
 b - a potion of magic
 c - a potion of invisibility
 e - 3 potions of ambrosia
 k - 4 potions of lignification
 l - 2 potions of curing
 m - a potion of haste
 s - a potion of flight {unknown}
 t - a potion of brilliance
 u - 2 potions of resistance
 v - a potion of heal wounds


   Skills:
 + Level 1.9 Fighting
 + Level 1.8 Short Blades
 + Level 1.1 Throwing
 + Level 4.1 Dodging
 - Level 2.1 Stealth
 + Level 6.6 Spellcasting
 + Level 3.2 Conjurations
 + Level 7.2 Necromancy
 + Level 2.8 Fire Magic
 + Level 0.8 Evocations


You had 3 spell levels left.
You knew the following spells:

 Your Spells              Type           Power      Damage    Failure   Level
a - Necrotize             Necr           100%       1d9       1%          1
b - Foxfire               Conj/Fire      72%        2x1d7     2%          1
c - Vampiric Draining     Necr           35%        2d8       1%          3
d - Animate Dead          Necr           35%        N/A       4%          4
e - Agony                 Necr           35%        N/A       14%         5
f - Flame Wave            Conj/Fire      18%        2d6       28%         4

Your spell library contained the following spells:

 Spells                   Type           Power      Damage    Failure   Level
 Shock                    Conj/Air       52%        1d6       4%          1
 Conjure Flame            Conj/Fire      18%        6-21      9%          3
 Summon Small Mammal      Summ           24%        N/A       10%         1
 Inner Flame              Hex/Fire       12%        N/A       17%         3
 Call Canine Familiar     Summ           6%         N/A       30%         3
 Summon Guardian Golem    Hex/Summ       6%         N/A       30%         3
 Swiftness                Air            6%         N/A       30%         3
 Airstrike                Air            3%         N/A       69%         4


Dungeon Overview and Level Annotations

Branches:
Dungeon (7/15)             Temple (1/1) D:6

Altars:
Ashenzari
Cheibriados
Elyvilon
Fedhas
Hepliaklqana
Kikubaaqudgha
Makhleb
Okawaru
Qazlal
Ru
Trog
Uskayaw
Wu Jian
Xom
Zin
The Shining One

Shops:
D:5 [


Innate Abilities, Weirdness & Mutations

Your magical capacity is low. (-10% MP)
You are robust. (+10% HP)
You expend magic power (3 MP) to strengthen your wands.


Message History

You are very lightly contaminated with residual magic.
The air around you crackles with energy!
There is an open door here.
Casting: Flame Wave (dangerous; 28% risk of failure)
Confirm with . or Enter, or press ? or * to list all spells.
You conjure some foxfire!
You hit the wight but do no damage.
The foxfire hits the wight.
The wight is lightly damaged.
The foxfire hits the wight.
The wight is heavily damaged.
You hit the wight.
The wight is heavily damaged.
The wight hits you with a +5 falchion!
Casting: Foxfire (safe; 2% risk of failure)
Confirm with . or Enter, or press ? or * to list all spells.
You conjure some foxfire!
The wight hits you with a +5 falchion.
You feel drained.
Casting: Foxfire (safe; 2% risk of failure)
Confirm with . or Enter, or press ? or * to list all spells.
You conjure some foxfire!
The foxfire hits the wight but does no damage.
The wight is heavily damaged.
The foxfire hits the wight but does no damage.
The wight is heavily damaged.
The wight hits you with a +5 falchion!
Okay, then.
Okay, then.
The foxfire hits the wight.
The wight is severely damaged.
The foxfire hits the wight.
The wight is almost destroyed.
Casting: Foxfire (safe; 2% risk of failure)
Confirm with . or Enter, or press ? or * to list all spells.
You conjure some foxfire!
The wight hits you with a +5 falchion!
* * * LOW HITPOINT WARNING * * *
You feel drained.
* * * LOW HITPOINT WARNING * * *
The wight attacks as you move away! The wight hits you with a +5 falchion!
You die...
Kikubaaqudgha rasps: "You have failed me!
Welcome... death!"

######## #......#
#......# #......#...≈#
###+##'##...#...≈#
........<#...#...≈#
......<..#...#...≈#
.........#...#...≈#
.........#.v@#...≈#
.........#.vz#...≈####≈
.........#...z...≈≈≈≈≈≈
.........#...#.........
........#####......#..
........# $.........#
......####### ..z...


You could see 2 wights.

Vanquished Creatures
  Maggie (D:6)
  A hornet (D:6)
  Sigmund (D:3)
  Menkaure (D:5)
  2 ice beasts
  An ogre (D:5)
  A phantom (D:6)
  3 scorpions
  3 jellies
  6 hounds
  3 iguanas
  An orc wizard (D:3)
  3 gnolls (D:5)
  9 adders
  A white imp (D:6)
  An ufetubus (D:6)
  A worm (D:4)
  4 dart slugs
  4 orcs
  8 bats
  10 endoplasms
  5 giant cockroaches
  3 goblins
  6 hobgoblins
  A jackal (D:1)
  2 quokkas
  8 ball pythons
  A goblin zombie (D:6)
  6 kobolds
  A rat (D:2)
  A rat zombie (D:6)
99 creatures vanquished.

Vanquished Creatures (collateral kills)
  An iguana (D:6)
  An adder (D:4)
  An orc (D:3)
  A giant cockroach (D:1)
  A goblin (D:1)
  A jackal (D:1)
  A foxfire (D:4)
7 creatures vanquished.

Vanquished Creatures (others)
  An orc zombie (D:6)
  178 foxfires
  A fungus (D:5)
  10 plants
190 creatures vanquished.

Grand Total: 296 creatures vanquished

Notes
Turn   | Place    | Note
-------+----------+-------------------------------------------
     0 | D:1      | elite277 the Human Necromancer began the quest for the Orb.
     0 | D:1      | Reached XP level 1. HP: 13/13 MP: 3/3
    16 | D:1      | Learned a level 1 spell: Foxfire
   467 | D:1      | Reached XP level 2. HP: 19/19 MP: 3/5
   527 | D:1      | Reached skill level 1 in Conjurations
   573 | D:1      | Reached XP level 3. HP: 18/24 MP: 2/6
   740 | D:1      | Found a faded altar of an unknown god.
  1113 | D:2      | Reached skill level 1 in Fire Magic
  1113 | D:2      | Reached XP level 4. HP: 19/30 MP: 0/7
  1246 | D:2      | Learned a level 3 spell: Vampiric Draining
  2477 | D:3      | Reached XP level 5. HP: 36/36 MP: 1/8
  2786 | D:3      | Gained mutation: You expend magic power (3 MP) to
                  | strengthen your wands. [potion of mutation]
  2786 | D:3      | Gained mutation: Your magical capacity is low. (-10% MP)
                  | [potion of mutation]
  2786 | D:3      | Gained mutation: You are robust. (+10% HP) [potion of
                  | mutation]
  2811 | D:3      | Reached skill level 5 in Necromancy
  2953 | D:3      | Noticed Sigmund
  2974 | D:3      | Killed Sigmund
  2975 | D:3      | Reached skill level 1 in Short Blades
  2975 | D:3      | Reached XP level 6. HP: 29/46 MP: 0/9
  3650 | D:4      | Reached XP level 7. HP: 51/51 MP: 1/11
  3702 | D:4      | Reached skill level 1 in Fighting
  4579 | D:5      | Entered Level 5 of the Dungeon
  4579 | D:5      | Found Yppugoz's Antique Armour Shop.
  4584 | D:5      | Bought a pair of runed boots for 142 gold pieces
  4584 | D:5      | Bought a slimy robe for 108 gold pieces
  4584 | D:5      | Identified the +1 robe of Levity {rF+++ Int-3 Dex-5 SInv}
                  | (You bought it in a shop on level 5 of the Dungeon)
  5098 | D:5      | Noticed Menkaure
  5106 | D:5      | Killed Menkaure
  5107 | D:5      | Reached XP level 8. HP: 47/59 MP: 10/13
  5542 | D:5      | Reached skill level 1 in Throwing
  5542 | D:5      | Reached skill level 6 in Necromancy
  5666 | D:5      | Found a broken altar of Ashenzari.
  5670 | D:5      | Saw a vision of the Swamp and the Snake Pit.
  5670 | D:5      | Noticed a will-o-the-wisp
  5670 | D:5      | Noticed a naga warrior
  5670 | D:5      | Noticed an anaconda
  5670 | D:5      | Noticed a goliath frog
  5670 | D:5      | Noticed a goliath frog
  5670 | D:5      | Noticed a shock serpent
  5671 | D:5      | Noticed an alligator
  5775 | D:5      | Reached skill level 5 in Spellcasting
  5877 | D:5      | Learned a level 4 spell: Animate Dead
  5956 | D:6      | Found a staircase to the Ecumenical Temple.
  5980 | Temple   | Entered the Ecumenical Temple
  6155 | Temple   | Became a worshipper of Kikubaaqudgha
  6168 | D:6      | Found a hazy altar of Hepliaklqana.
  6170 | D:6      | Noticed a hornet
  6175 | D:6      | Killed a hornet
  6393 | D:6      | Reached XP level 9. HP: 59/67 MP: 9/15
  6428 | D:6      | Learned a level 5 spell: Agony
  6439 | D:6      | Found a sacrificial altar of Ru.
  6622 | D:6      | Noticed Maggie
  6638 | D:6      | Killed Maggie
  6639 | D:6      | Reached skill level 7 in Necromancy
  6883 | D:6      | Learned a level 4 spell: Flame Wave
  7304 | D:6      | Found a glowing silver altar of Zin.
  7531 | D:7      | Slain by a wight

Illustrated notes

Levels and vault maps discovered:
D:1:      dpeg_arrival_rooms_b, layout_basic,
          dreamdust_ecumenical_altar_angels_and_demons, hex_medium,
          minmay_pentomino_x4
D:2:      layout_basic, st_stairs_3, minmay_ruptured
D:3:      layout_basic, uniq_sigmund
D:4:      layout_cave_pools, minmay_fountain_box, eino_curves_03,
          serial_bayou_lake_a
D:5:      layout_gridville, grunt_ashenzari_visionary
          [grunt_ashenzari_visionary_swamp, grunt_ashenzari_visionary_snake],
          serial_shops, shop, uniq_menkaure
D:6:      layout_loops_corners, nicolae_ru_the_path_less_chosen, zin_academy,
          nicolae_hepliaklqana_hazy_memory, temple_fountains, enter_ossuary_4,
          minmay_tree_intersection, uniq_maggie
D:7:      layout_gridville, mainiacjoe_overflow_tiny_flanked,
          grunt_gozag_breadcrumbs, nicolae_overflow_crystal_walls,
          enter_bailey_4, hellmonk_guarded_unrand_vines
Temple:   nicolae_temple_x_marks_the_god

Skill      XL: |  1  2  3  4  5  6  7  8  9 |
---------------+----------------------------+-----
Conjurations   | 1 2 3 |  3.2
Fire Magic     | 1 2 |  2.8
Necromancy     | 5 6 7 |  7.2
Short Blades   | 1 |  1.8
Spellcasting   | 3 4 5 6 |  6.6
Dodging        | 3 4 |  4.1
Fighting       | 1 |  1.9
Throwing       | 1 |  1.1
Stealth        | |  2.1
Evocations     | |  0.8

Action                   |  1- 3 |  4- 6 |  7- 9 || total
-------------------------+-------+-------+-------++-------
Melee: Unarmed           |    23 |       |       ||    23
       Punch             |     1 |       |       ||     1
       Short sword       |    11 |    15 |       ||    26
       Dagger            |       |    22 |    90 ||   112
Throw: Javelin           |       |     5 |     7 ||    12
 Cast: Necrotize         |    37 |    34 |    33 ||   104
       Foxfire           |     9 |    38 |    61 ||   108
       Vampiric Draining |       |     1 |    19 ||    20
       Animate Dead      |       |       |     3 ||     3
Evoke: Wand              |       |       |     2 ||     2
  Use: Potion            |     4 |     5 |     1 ||    10
       Scroll            |       |       |    13 ||    13
Armor: Robe              |    17 |     2 |    27 ||    46
       Skin              |       |    11 |       ||    11
Dodge: Dodged            |    48 |    20 |    82 ||   150

Table legend: (Time is in decaauts)
 A = Elapsed time spent in this place.
 B = Non-inter-level travel time spent in this place.
 C = Inter-level travel time spent in this place.
 D = Time resting spent in this place.
 E = Time spent auto-exploring this place.
 F = Levels seen in this place.
 G = Mean time per level.
                   A        B        C        D        E       F      G
               +--------+--------+--------+--------+--------+-----+--------+
         Total |   7496 |   7338 |    158 |   1626 |   3677 |   8 |  937.0 |
       Dungeon |   7167 |   7009 |    158 |   1485 |   3531 |   7 | 1023.9 |
        Temple |    329 |    329 |      0 |    141 |    146 |   1 |  329.0 |
               +--------+--------+--------+--------+--------+-----+--------+

Top non-repeatable levels by time:
     D:2: 1432 daAuts
     D:5: 1356 daAuts
     D:3: 1329 daAuts
     D:6: 1219 daAuts
     D:4: 960 daAuts
     D:1: 843 daAuts
  Temple: 329 daAuts
     D:7: 25 daAuts
